Map: Eternal Empire LE

Players

Neeb

  • Race: Protoss Protoss
  • Spawn Location: 1:00

SuperNova - Winner!

  • Race: Terran Terran
  • League: Master
  • Spawn Location: 7:00

Event: War Chest Team League

VOD

Have the link to the VOD?

Description

Time

  • Played on: Aug. 9, 2020, 10:33 a.m.
  • Length: 21:49
Show
View Real Time Build Order
Export as new Build Order

Neeb Protoss 

Build Orders: 1 Gate Expand, Colossus Rush 

Get SALT Encoding   

  12  0:01  Probe  
  13  0:13  Probe  
  14  0:17  Pylon  
  14  0:25  Probe (Chrono Boost)  
  15  0:37  Gateway, Probe (Chrono Boost)  
  16  0:45  Probe (Chrono Boost)  
  16  0:46  Assimilator  
  17  0:52  Probe  
  19  1:04  Probe  
  19  1:16  Probe  
  20  1:24  Cybernetics Core  
  20  1:33  Nexus  
  20  1:41  Zealot (Chrono Boost)  
  20  1:46  Pylon  
  22  1:50  Probe  
  23  1:55  Assimilator  
  23  2:03  Stalker (Chrono Boost)  
  23  2:06  Probe  
  26  2:18  Probe  
  26  2:23  Warp Gate  
  26  2:28  Stalker (Chrono Boost)  
  28  2:30  Probe  
  30  2:45  Probe (Chrono Boost)  
  30  2:46  Probe (Chrono Boost)  
  30  2:51  Sentry  
  33  2:55  Probe (Chrono Boost)  
  33  2:57  Probe (Chrono Boost)  
  35  3:00  Probe (Chrono Boost)  
  36  3:06  Probe  
  36  3:09  Robotics Facility  
  36  3:12  Shield Battery, Probe  
  38  3:13  Disruptor  
  38  3:19  Probe (Chrono Boost)  
  39  3:24  Probe (Chrono Boost)  
  40  3:29  Gateway  
  42  3:36  Probe (Chrono Boost)  
  42  3:37  Probe (Chrono Boost)  
  42  3:40  Gateway  
  42  3:41  Probe (Chrono Boost)  
  42  3:43  Probe (Chrono Boost)  
  44  3:48  Pylon  
  44  3:50  Probe  
  44  3:55  Probe  
  46  3:59  Shield Battery  
  46  4:01  Pylon  
  46  4:06  Immortal  
  49  4:11  Stalker  
  49  4:12  Probe  
  49  4:14  Probe  
  47  4:24  Probe (Chrono Boost)  
  47  4:27  Robotics Bay  
  47  4:30  Probe (Chrono Boost)  
  49  4:34  Assimilator x2  
  49  4:36  Sentry, Probe (Chrono Boost)  
  52  4:42  Probe x2 (Chrono Boost)  
  54  4:46  Pylon, Observer  
  54  4:51  Probe  
  57  4:52  Probe  
  57  4:54  Forge  
  57  5:02  Shield Battery  
  57  5:03  Stalker, Probe  
  57  5:06  Stalker  
  62  5:08  Observer  
  57  5:29  Probe  
  57  5:30  Colossus (Chrono Boost)  
  64  5:39  Nexus  
  64  5:42  Pylon  
  63  5:43  Probe  
  63  5:45  Sentry x2  
  63  5:47  Probe  
  69  5:52  Extended Thermal Lance  
  69  5:55  Probe  
  70  5:58  Protoss Ground Weapons Level 1  
  70  6:02  Shield Battery  
  71  6:07  Probe  
  71  6:10  Photon Cannon  
  71  6:11  Stalker  
  74  6:13  Stalker  
  74  6:15  Probe  
  76  6:19  Probe  
  75  6:27  Probe  
  75  6:31  Colossus, Probe (Chrono Boost)  
  71  6:39  Probe (Chrono Boost)  
  72  6:43  Probe (Chrono Boost)  
  73  6:50  Probe (Chrono Boost)  
  73  6:53  Probe x2 (Chrono Boost)  
  76  6:57  Twilight Council  
  76  6:59  Probe (Chrono Boost)  
  78  7:02  Probe x2 (Chrono Boost)  
  78  7:05  Probe (Chrono Boost)  
  80  7:10  Probe x2  
  80  7:12  Gateway  
  80  7:13  Gateway  
  82  7:17  Probe  
  82  7:22  Probe x2  
  85  7:29  Probe  
  86  7:30  Sentry, Stalker x2  
  86  7:34  Probe  
  93  7:37  Pylon  
  87  7:45  Probe  
  87  7:46  Probe  
  87  7:48  Nexus  
  89  7:52  Colossus (Chrono Boost)  
  89  7:54  Stalker  
  89  7:57  Stalker x2  
  101  8:01  Charge  
  99  8:14  Probe  
  99  8:15  Probe  
  99  8:16  Nexus  
  99  8:18  Protoss Ground Weapons Level 2 (Chrono Boost)  
  99  8:19  Photon Cannon  
  101  8:24  Templar Archives  
  101  8:31  Pylon  
  101  8:33  Pylon  
  101  8:35  Pylon  
  101  8:36  Pylon  
  101  8:49  Probe x3  
  101  8:50  Observer (Chrono Boost)  
  101  8:53  Gateway  
  101  8:55  Gateway  
  105  8:56  Gateway  
  105  8:57  Templar Archives  
  105  8:59  Photon Cannon, Zealot x2  
  105  9:00  Zealot  
  105  9:01  Probe x3  
  105  9:02  Zealot  
  116  9:03  Zealot  
  116  9:09  Warp Prism (Chrono Boost)  
  118  9:12  Gravitic Drive  
  120  9:17  Probe x2  
  120  9:18  Probe  
  120  9:22  High Templar x2, Zealot  
  129  9:25  Pylon  
  129  9:27  Archon  
  129  9:29  Probe  
  130  9:31  Probe  
  130  9:32  Zealot x2  
  135  9:38  Observer  
  135  9:39  Pylon  
  135  9:40  Pylon  
  135  9:42  Zealot  
  137  9:49  Assimilator  
  139  10:00  Immortal (Chrono Boost), Nexus, Zealot x4  
  139  10:04  Pylon  
  146  10:09  Blink  
  146  10:10  Probe x3  
  149  10:22  Probe x3  
  152  10:30  Stalker x5, Photon Cannon  
  152  10:34  Nexus  
  160  10:36  Immortal (Chrono Boost)  
  160  10:37  Photon Cannon  
  164  10:45  Unknown  
  164  10:49  High Templar  
  166  10:50  High Templar, Zealot  
  166  10:53  Pylon  
  166  10:54  Dark Shrine  
  170  10:58  Photon Cannon  
  170  10:59  Protoss Ground Weapons Level 3 (Chrono Boost)  
  170  11:01  Pylon  
  170  11:06  Zealot x4  
  170  11:07  Zealot  
  170  11:08  Archon  
  170  11:10  Immortal (Chrono Boost)  
  182  11:24  Pylon  
  168  11:33  Zealot x7  
  168  11:34  Zealot  
  184  11:52  Stargate  
  184  11:53  Gateway, Pylon  
  184  11:55  Gateway, Photon Cannon  
  184  12:00  Gateway x2  
  184  12:02  Assimilator  
  184  12:05  Shadow Stride  
  184  12:08  Photon Cannon  
  184  12:09  Gateway, Shield Battery  
  184  12:15  Protoss Air Weapons Level 1 (Chrono Boost)  
  184  12:16  Photon Cannon  
  184  12:18  Pylon  
  184  12:19  Photon Cannon  
  184  12:23  Photon Cannon  
  184  12:24  Pylon  
  184  12:36  Fleet Beacon  
  184  12:40  Stargate  
  184  12:44  Stargate  
  184  12:45  Stargate  
  184  12:51  Cybernetics Core  
  184  12:52  Stalker x5  
  190  12:58  Stalker x3  
  190  13:01  Nexus  
  190  13:03  Pylon  
  190  13:14  Probe  
  190  13:15  Probe x3  
  193  13:20  Oracle (Chrono Boost)  
  196  13:27  Protoss Air Armor Level 1 (Chrono Boost)  
  196  13:36  Protoss Shields Level 1  
  194  13:51  Assimilator  
  194  13:55  Assimilator  
  194  13:58  Protoss Air Weapons Level 2 (Chrono Boost)  
  194  14:00  Pylon  
  194  14:04  Stalker x3  
  190  14:18  Stalker x6  
  190  14:19  Stalker x2  
  184  14:34  Zealot x4  
  191  14:40  Probe x3  
  191  14:41  Probe  
  196  14:52  Probe  
  178  15:09  Nexus  
  178  15:11  Stalker x4  
  178  15:12  Stalker x8  
  190  15:17  Assimilator  
  188  15:29  Warp Prism  
  182  15:41  Dark Templar x10  
  200  15:59  Protoss Air Armor Level 2 (Chrono Boost)  
  200  16:02  Photon Cannon  
  200  16:03  Photon Cannon  
  200  16:05  Photon Cannon  
  200  16:07  Photon Cannon  
  200  16:09  Shield Battery  
  200  16:10  Shield Battery  
  200  16:11  Shield Battery  
  200  16:13  Shield Battery  
  200  16:15  Photon Cannon  
  200  16:17  Photon Cannon  
  186  16:19  Pylon  
  159  16:28  Stalker x12  
  157  16:51  Stalker x3  
  157  16:52  Stalker x8  
  155  17:15  Zealot x11  
  175  17:25  Probe x2  
  175  17:27  Probe  
  174  17:42  High Templar x2  
  174  17:43  High Templar x8  
  194  17:45  Zealot  
  194  17:46  Archon x2  
  194  17:47  Archon x2  
  194  17:48  Archon  
  194  17:51  Nexus  
  143  18:20  Stalker x4  
  143  18:21  Stalker x7  
  133  18:39  Observer  
  133  18:45  Stalker, Assimilator x2, Probe x4  
  133  18:46  Stalker x9  
  157  18:48  Nexus  
  157  18:52  Stalker  
  159  18:57  Probe  
  152  19:19  Stalker x7  
  155  19:28  Observer  
  137  19:36  Stalker x3  
  137  19:37  Stalker  
  112  19:47  Stalker  
  110  19:59  Probe x3  
  112  20:00  Stalker x3  
  112  20:01  Zealot x6  
  112  20:05  Nexus  
  116  20:11  Probe (Chrono Boost)  
  116  20:12  Probe (Chrono Boost)  
  118  20:14  Nexus  
  118  20:23  Probe (Chrono Boost)  
  118  20:24  Probe (Chrono Boost)  
  120  20:30  Probe (Chrono Boost)  
  113  20:37  Observer  
  112  20:48  Sentry x2, Stalker  
  115  20:52  Stalker, Observer  
  108  21:11  Probe x2 (Chrono Boost)  
  108  21:15  Stalker x2  
  113  21:23  Probe (Chrono Boost)  
  113  21:24  Probe (Chrono Boost)  
  116  21:29  Probe (Chrono Boost)  
  116  21:32  Probe x2 (Chrono Boost)  
  119  21:34  Probe (Chrono Boost)  
  119  21:36  Probe (Chrono Boost)  
Show
View Real Time Build Order
Export as new Build Order

SuperNova Terran - Winner!

Build Orders: 2 Factory, Cyclone Opening, Mech 

Get SALT Encoding   

  12  0:00  SCV  
  13  0:12  SCV  
  14  0:17  Supply Depot  
  14  0:24  SCV  
  15  0:40  Barracks  
  15  0:41  SCV  
  16  0:45  Refinery  
  16  0:53  SCV  
  16  0:56  Refinery  
  17  1:05  SCV  
  18  1:17  SCV  
  19  1:27  Reaper  
  19  1:29  Orbital Command  
  20  1:44  Factory  
  20  1:47  Supply Depot  
  20  1:55  SCV  
  20  1:59  Reaper  
  22  2:07  SCV  
  23  2:19  SCV  
  24  2:29  Factory Tech Lab  
  24  2:31  SCV  
  25  2:43  SCV  
  26  2:48  Command Center, Cyclone  
  29  2:53  Mag-Field Accelerator  
  29  2:57  SCV  
  30  3:04  Supply Depot  
  30  3:12  Factory  
  30  3:13  SCV  
  31  3:25  Cyclone  
  34  3:27  SCV  
  34  3:32  Armory  
  35  3:39  SCV  
  36  3:49  Refinery  
  36  3:55  Barracks Reactor  
  36  3:59  Cyclone  
  36  4:01  Widow Mine  
  36  4:02  Orbital Command  
  41  4:04  SCV  
  42  4:16  SCV  
  41  4:28  SCV  
  41  4:29  SCV  
  43  4:32  Cyclone  
  43  4:35  Supply Depot  
  50  4:38  Widow Mine x2  
  50  4:40  SCV  
  50  4:42  Terran Vehicle And Ship Armor Level 1, SCV  
  52  4:47  Drilling Claws  
  52  4:52  SCV  
  53  4:54  SCV  
  53  4:57  Supply Depot  
  54  5:02  Widow Mine x2  
  54  5:04  SCV  
  54  5:06  SCV  
  60  5:16  SCV  
  60  5:18  SCV  
  60  5:19  Cyclone  
  65  5:26  Widow Mine x2  
  69  5:28  Supply Depot, SCV  
  68  5:39  SCV  
  59  5:43  SCV  
  60  5:50  Refinery  
  60  5:51  SCV  
  60  5:53  Factory, Cyclone  
  60  5:54  Widow Mine  
  60  5:55  Command Center  
  68  5:57  Widow Mine  
  68  6:01  SCV  
  69  6:07  SCV  
  69  6:08  Starport  
  70  6:15  SCV  
  71  6:19  SCV  
  71  6:20  Widow Mine  
  71  6:25  Cyclone  
  77  6:27  SCV  
  75  6:34  SCV, Widow Mine  
  75  6:38  Barracks  
  78  6:46  SCV x2  
  78  6:50  Factory Tech Lab, Starport Tech Lab  
  78  6:53  Engineering Bay  
  78  6:54  Armory  
  76  6:57  Hellion  
  78  7:07  Hellion, Siege Tank, SCV x2  
  85  7:11  SCV  
  85  7:13  Refinery  
  85  7:14  Supply Depot  
  86  7:18  Refinery  
  86  7:19  SCV x2  
  86  7:22  Terran Vehicle And Ship Armor Level 2  
  88  7:26  Siege Tank  
  88  7:29  Orbital Command  
  91  7:31  SCV  
  91  7:32  SCV  
  91  7:43  Siege Tank  
  91  7:44  SCV  
  91  7:46  SCV  
  91  7:51  Terran Vehicle Weapons Level 1  
  93  7:55  Hellion x2  
  93  7:56  SCV x2  
  97  7:58  SCV  
  97  7:59  Missile Turret  
  97  8:00  Missile Turret  
  97  8:04  Missile Turret  
  97  8:05  Missile Turret  
  98  8:08  SCV  
  98  8:12  SCV  
  100  8:15  SCV  
  101  8:20  Supply Depot  
  101  8:22  Supply Depot  
  101  8:23  Hellion, Raven, SCV, Siege Tank  
  109  8:28  Missile Turret  
  109  8:33  Missile Turret  
  109  8:34  Supply Depot  
  109  8:41  Siege Tank, SCV x2  
  109  8:42  SCV  
  109  8:43  Hellion  
  117  8:54  SCV  
  117  8:55  SCV  
  117  8:56  Command Center  
  117  8:57  SCV  
  117  8:58  Starport  
  117  9:00  Starport, Fusion Core  
  118  9:03  Supply Depot  
  118  9:05  Infernal Pre-Igniter  
  118  9:11  SCV  
  118  9:13  SCV  
  118  9:15  Siege Tank  
  118  9:16  Supply Depot  
  123  9:18  Siege Tank  
  123  9:23  SCV x2  
  128  9:27  Missile Turret  
  128  9:28  Hellion x2  
  132  9:33  Sensor Tower  
  132  9:35  Starport Tech Lab  
  132  9:37  Supply Depot  
  132  9:39  Terran Ship Weapons Level 1  
  132  9:40  Supply Depot  
  132  9:45  Terran Vehicle And Ship Armor Level 3, Starport Tech Lab  
  133  9:52  SCV  
  133  9:53  SCV  
  133  9:57  Siege Tank, Refinery  
  133  9:59  Missile Turret, Siege Tank  
  136  10:00  Refinery  
  136  10:03  Hellion  
  136  10:04  Hellion  
  138  10:11  Battlecruiser  
  142  10:17  Planetary Fortress  
  142  10:23  Battlecruiser  
  142  10:27  SCV  
  147  10:33  SCV  
  147  10:34  Siege Tank  
  149  10:35  Missile Turret x2  
  149  10:37  Hellion x2  
  149  10:39  Siege Tank  
  149  10:41  SCV x2  
  158  10:43  Hellion x4  
  158  10:50  Missile Turret  
  158  10:56  Battlecruiser  
  164  11:01  Weapon Refit  
  164  11:03  Hellion  
  164  11:04  Hellion, Missile Turret  
  168  11:14  Command Center  
  168  11:15  Siege Tank x2  
  172  11:25  Hellion  
  169  11:36  Battlecruiser  
  175  11:45  Supply Depot  
  175  11:46  Supply Depot  
  175  11:47  Supply Depot, Siege Tank  
  175  11:50  Terran Ship Weapons Level 2  
  178  11:59  Battlecruiser  
  184  12:02  Siege Tank  
  184  12:07  Hellion  
  189  12:11  Hellion  
  191  12:19  Siege Tank  
  191  12:20  Sensor Tower  
  194  12:27  Orbital Command  
  194  12:29  Command Center  
  194  12:30  Command Center  
  194  12:32  Battlecruiser  
  194  12:33  Command Center, Starport  
  194  12:35  Command Center  
  200  12:43  Starport  
  200  12:45  Hi-Sec Auto Tracking  
  200  13:09  Hellion x8  
  200  13:26  Starport Tech Lab x2  
  200  13:54  Orbital Command  
  200  13:57  Orbital Command  
  200  13:59  Smart Servos  
  200  14:07  Orbital Command  
  196  14:18  Battlecruiser  
  187  14:24  Terran Ship Weapons Level 3  
  187  14:26  Battlecruiser  
  187  14:27  Battlecruiser  
  187  14:28  Battlecruiser  
  187  14:30  Battlecruiser  
  197  14:37  Terran Vehicle Weapons Level 2  
  189  14:52  Missile Turret  
  189  14:56  Missile Turret x2, Unknown  
  189  14:57  Missile Turret  
  189  14:58  Hellion x2  
  187  15:14  Hellion x2  
  187  15:19  Hellion, Widow Mine  
  191  15:22  Battlecruiser  
  197  15:32  Hellion x4, Command Center  
  197  15:33  Orbital Command  
  194  15:35  Command Center  
  194  15:39  Battlecruiser  
  197  15:51  Unknown  
  197  16:01  Command Center  
  197  16:03  Command Center  
  197  16:05  Missile Turret x2  
  191  16:12  Battlecruiser  
  191  16:16  Battlecruiser  
  191  16:17  Orbital Command  
  180  16:27  Battlecruiser  
  175  16:39  SCV  
  158  16:43  SCV  
  158  16:44  SCV x3  
  162  16:47  Missile Turret, Unknown  
  162  16:48  Missile Turret  
  162  16:49  Hellion  
  162  16:51  SCV  
  161  17:02  Orbital Command  
  161  17:03  SCV  
  161  17:07  Missile Turret  
  155  17:09  Battlecruiser  
  155  17:11  Widow Mine x2  
  155  17:12  SCV x2  
  168  17:16  Orbital Command  
  167  17:33  Battlecruiser  
  167  17:36  Orbital Command x2  
  173  17:50  Battlecruiser  
  179  17:52  Widow Mine x2  
  179  17:54  Orbital Command  
  178  18:11  Widow Mine  
  159  18:13  Widow Mine  
  161  18:22  Orbital Command  
  161  18:26  Battlecruiser  
  165  18:28  Widow Mine  
  165  18:33  Widow Mine  
  165  18:34  Widow Mine  
  170  18:37  Battlecruiser  
  176  18:45  Missile Turret  
  176  18:51  Widow Mine  
  176  18:54  Missile Turret  
  178  18:56  Starport Tech Lab  
  178  18:57  Missile Turret  
  178  18:58  Widow Mine  
  180  19:04  Missile Turret  
  180  19:05  SCV  
  175  19:11  Battlecruiser  
  175  19:16  Widow Mine x2  
  181  19:23  Widow Mine x2  
  175  19:38  Battlecruiser  
  169  19:49  Orbital Command  
  155  20:20  Battlecruiser  
  161  20:36  Unknown  
  173  21:16  Hellion x2  
  173  21:17  Hellion x2  
Tags
 
Add a new tag
Caveats
  • Supply blocks, unpowered buildings, or Contaminate may cause inaccurate times.
  • Supply counts are checked every 10 seconds.